[Event "*** SCC Grand Prix: Titled Tuesday Blitz"]
[Site "Chess.com"]
[Date "2020.08.25"]
[Round "3"]
[White "mortngabriel"]
[Black "Sanan_Sjugirov"]
[Result "0-1"]
[WhiteElo "2448"]
[BlackElo "2858"]
[TimeControl "180+1"]
[EndTime "10:30:27 PDT"]
[Termination "Sanan_Sjugirov won on time"]

1. e4 c5 2. Nf3 d6 3. Bb5+ Bd7 4. Bxd7+ Qxd7 5. c4 Nf6 6. Nc3 g6 7. d4 cxd4 8. Nxd4 Bg7 9. f3 O-O 10. Be3 Nc6 11. Rc1 a6 12. b3 Nxd4 13. Bxd4 b5 14. Bxf6 Bxf6 15. Nd5 Qa7 16. Nxf6+ exf6 17. Qe2 bxc4 18.
Rxc4 d5 19. exd5 f5 20. Qf2 Rfe8+ 21. Kf1 Qd7 22. g3 Qxd5 23. Kg2 Rad8 24. Re1 Rxe1 25. Qxe1 Qd2+ 26. Qf2 Qxf2+ 27. Kxf2 Rd2+ 28. Ke3 Rxa2 29. Ra4 Rxh2 30. Rxa6 Rg2 31. Kf4 h6 32. b4 Kg7 33.
b5 g5+ 34. Kxf5 Rxg3 35. Ke4 Rg1 36. Rc6 Rb1 37. b6 Rb5 38. Rd6 f6 39. Rd7+ Kg6 40. b7 h5 41. Ke3 h4 42. Kf2 Rb2+ 43. Kg1 Kf5 44. Rf7 Kf4 45. Rxf6+ Kg3 46. Kf1 Rxb7 47. Rf5 g4 48. fxg4 h3 49. Rh5 h2 50. Ke2 Rb1 51. g5 h1=Q 52. Rxh1 Rxh1 0-1

[Event "*** SCC Grand Prix: Titled Tuesday Blitz"]
[Site "Chess.com"]
[Date "2020.08.25"]
[Round "3"]
[White "Roza_Idrisova"]
[Black "NoboaKevin1999"]
[Result "0-1"]
[WhiteElo "2203"]
[BlackElo "2441"]
[TimeControl "180+1"]
[EndTime "10:30:27 PDT"]
[Termination "NoboaKevin1999 won on time"]

1. d4 Nf6 2. Nf3 g6 3. c4 Bg7 4.
Nc3 d5 5. cxd5 Nxd5 6. e4 Nxc3 7. bxc3 c5 8. Bb5+ Nd7 9. O-O O-O 10. Be3 a6 11.
Be2 b6 12. a4 Bb7 13. Qc2 Rc8 14. d5 c4 15. Rab1 Qc7 16. Nd2 f5 17. Nxc4 fxe4 18. Qxe4 Nc5 19. Qg4 Nxa4 20. Qe6+ Kh8 21. Nxb6 Nxc3 22.
Bf3 Nxb1 23. Rxb1 Rb8 24. Rc1 Qd8 25. Nd7 Bc8 26. Bg4 Bxd7 27. Qxd7 Qxd7 28. Bxd7 a5 29. g3 Rfd8 30. Bc6 Bf6 31. Rc5 Rb1+ 32. Kg2 Ra1 33.
Rb5 a4 34. Ra5 a3 35. Bc5 a2 36. Ra6 Rc1 0-1

[Event "*** SCC Grand Prix: Titled Tuesday Blitz"]
[Site "Chess.com"]
[Date "2020.08.25"]
[Round "3"]
[White "Barmen_EV"]
[Black "UmbertoConcelli"]
[Result "1-0"]
[WhiteElo "2441"]
[BlackElo "2718"]
[TimeControl "180+1"]
[EndTime "10:30:28 PDT"]
[Termination "Barmen_EV won by resignation"]

1. d4 d5 2. c4 e6 3. Nc3 Be7 4. cxd5 exd5 5. Bf4 Nf6 6. e3 O-O 7. Bd3 c6 8. Nge2 Bg4 9. f3 Bh5 10. g4 Bg6 11. h4 Bd6 12. h5 Bxd3 13. Qxd3 Ne8 14.
O-O-O Na6 15. e4 Bxf4+ 16. Nxf4 dxe4 17. fxe4 Qg5 18. Qd2 Nd6 19. Kb1 Rad8 20. e5 Nc4 21. Qc1 Qxg4 22. Rhg1 Qf5+ 23. Ka1 Nb4 24. Rg2 Kh8 25.
Rdg1 Rg8 26. Rh1 g5 27. hxg6 fxg6 28. Rgh2 Rg7 29. a3 Rxd4 30. axb4 Rxf4 31. Qd1 Nxe5 32. Qd8+ Qf8 33. Qg5 Rf5 34. Qh6 Ng4 35. Qxh7+ Rxh7 36. Rxh7+ Kg8 37. Rh8+ Kg7 38. R1h7+ Kf6 39. Rxf8+ Kg5 40. Rxf5+ 1-0

[Event "*** SCC Grand Prix: Titled Tuesday Blitz"]
[Site "Chess.com"]
[Date "2020.08.25"]
[Round "3"]
[White "Zmeeed63"]
[Black "RodinMihail"]
[Result "0-1"]
[WhiteElo "2264"]
[BlackElo "2503"]
[TimeControl "180+1"]
[EndTime "10:30:28 PDT"]
[Termination "RodinMihail won on time"]

1. d4 d5 2. c4 e6 3. Nc3 c6 4. e3 Nf6 5. Nf3 Nbd7 6. Bd3 Bd6 7. e4 dxe4 8. Nxe4 Nxe4 9. Bxe4 O-O 10. O-O Re8 11. Bc2 e5 12. Bg5 f6 13. Bh4 e4 14.
Nd2 e3 15. fxe3 Rxe3 16. Ne4 Qe7 17. Qh5 Rxe4 18. Bxe4 Qxe4 19. Rae1 Qxd4+ 20. Bf2 Qxc4 21. Re8+ Nf8 22. Rfe1 Qf7 23. Qd1 Be5 24. Qd8 Bd7 25.
Rxf8+ Qxf8 26. Qxd7 Qc8 27. Qd3 Qc7 28. h3 Rd8 29.
Qb3+ Qf7 30. Qb4 b6 31. b3 c5 32. Qe4 Qd5 33. Qf5 Qd7 34. Qf3 Qd2 35. Re2 Qc1+ 36. Re1 Qb2 37. Qb7 Qxa2 38. Bh4 Rd2 39. Rxe5 Qa1+ 40.
Re1 Qxe1+ 0-1

[Event "*** SCC Grand Prix: Titled Tuesday Blitz"]
[Site "Chess.com"]
[Date "2020.08.25"]
[Round "3"]
[White "WPWPWP-2015"]
[Black "CraiggoryC"]
[Result "1-0"]
[WhiteElo "2461"]
[BlackElo "2129"]
[TimeControl "180+1"]
[EndTime "10:30:28 PDT"]
[Termination "WPWPWP-2015 won on time"]

1. e4 e6 2. d4 d5 3. Nc3 Bb4 4. a3 Bxc3+ 5. bxc3 Ne7 6. Bd3 c5 7.
exd5 Qxd5 8. Nf3 Nbc6 9. O-O O-O 10. Re1 Nf5 11. Be4 Qd6 12. Bb2 Rd8 13. Qd3 Qf4 14.
Bc1 Qg4 15. h3 Qh5 16. g4 Qxh3 17. gxf5 exf5 18. Bxc6 bxc6 19. Ne5 Qxd3 20. cxd3 cxd4 21. Nxc6 Rf8 22. Nxd4 Ba6 23. c4 g6 24. Bg5 Rfe8 25. Nb5 Bxb5 26. cxb5 Rab8 27. Bf6 Re6 28. Rxe6 fxe6 29.
a4 Kf7 30. Be5 Rd8 31. d4 Ke7 32. a5 Rd5 33. b6 axb6 34. a6 Rd8 35. Rb1 Ra8 36.
Rxb6 Kd7 37. Rd6+ Ke7 38. Rc6 Kd7 39. Rc7+ Kd8 40. a7 h5 41. Rh7 Kc8 42. f4 1-0

[Event "*** SCC Grand Prix: Titled Tuesday Blitz"]
[Site "Chess.com"]
[Date "2020.08.25"]
[Round "3"]
[White "SavelievAlexei"]
[Black "Volodar_Murzin"]
[Result "0-1"]
[WhiteElo "2400"]
[BlackElo "2662"]
[TimeControl "180+1"]
[EndTime "10:30:30 PDT"]
[Termination "Volodar_Murzin won by resignation"]

1. e4 c5 2. Nf3 d6 3. d4 cxd4 4.
Nxd4 Nf6 5. Nc3 a6 6. Bg5 Nbd7 7. f4 Qc7 8. Qf3 e5 9. Nf5 h6 10. Bxf6 Nxf6 11. O-O-O Be6 12. g4 exf4 13. Qxf4 O-O-O 14. Be2 d5 15. e5 g5 16. Qg3 Ng8 17. Rd3 Ne7 18.
Nd6+ Kb8 19. Rhd1 Bg7 20. Nxd5 Nxd5 21. Rxd5 Bxd5 22. Rxd5 Rd7 23. c4 Rhd8 24. c5 Re7 25. Bc4 f6 26. exf6 Bxf6 27. Qd3 Be5 28. b4 Bf4+ 29.
Kc2 Rdd7 30. a4 Qc6 31. Bb3 Bxd6 32. b5 Qxc5+ 33. Rxc5 Bxc5 34. Qc4 axb5 35. Qxc5 Rc7 36. Qxc7+ Rxc7+ 37. Kb2 bxa4 38. Bxa4 Ka7 0-1

[Event "*** SCC Grand Prix: Titled Tuesday Blitz"]
[Site "Chess.com"]
[Date "2020.08.25"]
[Round "3"]
[White "londonkid"]
[Black "FearNoEvil12"]
[Result "1-0"]
[WhiteElo "2454"]
[BlackElo "1968"]
[TimeControl "180+1"]
[EndTime "10:30:30 PDT"]
[Termination "londonkid won on time"]

1. d4 b5 2. e4 a6 3. Nf3 Bb7 4.
Bd3 e6 5. c3 Nf6 6. Bg5 h6 7.
Bxf6 gxf6 8. Nbd2 d6 9. Qc2 Nd7 10. O-O Rg8 11. a4 bxa4 12. Rxa4 h5 13. Re1 Bh6 14. d5 Ke7 15. dxe6 fxe6 16. Bf1 Qf8 17. Rb4 Bc8 18. e5 Nxe5 19. Nxe5 fxe5 20. Rh4 Qf7 21.
Qd1 Bb7 22. Ne4 Raf8 23. Qxh5 Bxe4 24. Qxf7+ Rxf7 25. Rexe4 Bg5 26. Rhg4 Rfg7 27. Ra4 d5 28. Rxa6 Kf6 29. h4 Bf4 30. Rxg7 Rxg7 31. g3 Bh6 32. Bh3 Re7 33. g4 Bf4 34. g5+ Kf7 35. Kg2 Kg6 36. Rxe6+ Rxe6 37. Bxe6 d4 38. cxd4 exd4 39.
Kf3 Bd6 40. Ke4 c5 41. Kd5 Be7 42. Kc4 Kh5 43. f4 1-0

[Event "*** SCC Grand Prix: Titled Tuesday Blitz"]
[Site "Chess.com"]
[Date "2020.08.25"]
[Round "3"]
[White "Quiet_Desperation"]
[Black "maxip32"]
[Result "1-0"]
[WhiteElo "2296"]
[BlackElo "2422"]
[TimeControl "180+1"]
[EndTime "10:30:30 PDT"]
[Termination "Quiet_Desperation won on time"]

1. Nf3 Nf6 2. b3 g6 3. Bb2 Bg7 4. e3 O-O 5. d4 d6 6. Be2 Nbd7 7. O-O c6 8. Nbd2 Re8 9. e4 Nh5 10. Re1 d5 11. e5 Nf4 12. Bf1 Ne6 13. g3 a5 14. a4 b6 15. h4 Nb8 16. c4 Na6 17. Rc1 Nb4 18. Ba3 dxc4 19. Bxb4 axb4 20. Nxc4 Bb7 21.
Ne3 Nc7 22. Bc4 e6 23. Qd2 c5 24. Ng5 Qxd4 25. Qxd4 cxd4 26. Ng4 Rac8 27. Bd3 h5 28. Nf6+ Bxf6 29. exf6 Nd5 30. Bb5 Red8 31. Ne4 Nc3 32. Ng5 Nxb5 33. axb5 d3 34. Rxc8 Rxc8 35. Rd1 Rc3 36.
f3 Rxb3 37. Kf2 Bd5 38. Ke3 Bc4 39. Ne4 Bxb5 40. Rc1 Rb2 41. Rc8+ Kh7 42. Ng5+ 1-0

[Event "*** SCC Grand Prix: Titled Tuesday Blitz"]
[Site "Chess.com"]
[Date "2020.08.25"]
[Round "3"]
[White "annamaja"]
[Black "Sn00pPawn"]
[Result "0-1"]
[WhiteElo "2261"]
[BlackElo "2019"]
[TimeControl "180+1"]
[EndTime "10:30:30 PDT"]
[Termination "Sn00pPawn won on time"]

1. e4 c5 2. Nf3 d6 3. d4 cxd4 4. Nxd4 Nf6 5. Nc3 a6 6. Be3 Ng4 7. Bc1 Nf6 8. f3 e5 9. Nb3 Be6 10. Be3 Nbd7 11. Qd2 Qc7 12. O-O-O b5 13. g4 h6 14. h4 Rb8 15. Bd3 b4 16. Ne2 a5 17.
g5 Nh5 18. g6 a4 19. gxf7+ Kxf7 20. Na1 Bxa2 21. f4 b3 22. fxe5 Nxe5 23. Rhf1+ Nf6 24. c3 a3 25. Nf4 Be7 26. Nd5 Qa5 27. Bd4 Rhc8 28.
Rf5 Rb7 29. Bxe5 dxe5 30. Rxe5 Nxd5 31. Rxd5 Qa8 32. Rf1+ Kg8 33. c4 axb2+ 34. Kxb2 Ba3+ 35. Kc3 b2 36. Kd4 bxa1=Q+ 0-1

[Event "*** SCC Grand Prix: Titled Tuesday Blitz"]
[Site "Chess.com"]
[Date "2020.08.25"]
[Round "3"]
[White "Kildepiotr"]
[Black "Duhless"]
[Result "0-1"]
[WhiteElo "2626"]
[BlackElo "3001"]
[TimeControl "180+1"]
[EndTime "10:30:34 PDT"]
[Termination "Duhless won by resignation"]

1. Nf3 c6 2. g3 d5 3. Bg2 Bg4 4. O-O Nd7 5. d3 e6 6. Nbd2 Bc5 7. e4 Ne7 8. h3 Bh5 9. Nb3 Bb6 10. a4 a5 11. Qe1 Bxf3 12. Bxf3 O-O 13. Be3 Bxe3 14. Qxe3 Qc7 15. Bg2 Rae8 16. f4 dxe4 17. dxe4 e5 18.
f5 Nf6 19. g4 h6 20. Bf3 Rd8 21.
h4 Rd6 22. g5 Nh7 23. Rad1 Rfd8 24. Rxd6 Rxd6 25. Rd1 Rxd1+ 26. Bxd1 hxg5 27. hxg5 f6 28. g6 Ng5 29. Be2 b6 30. Bc4+ Kf8 31.
Nd2 Qd8 32. Kf1 Nc8 33. c3 Ke7 34. Ke2 Qh8 35. Kd1 Qh2 36. Bd3 Qf4 37. Qe2 Nd6 38. Kc2 Qg3 39. Qh5 Qf2 40. Qh8 Ne8 41. Kc1 Qg1+ 42.
Kc2 Qg2 43. Kc1 Qg1+ 44. Kc2 Qa1 45. Nc4 Qxa4+ 46. b3 Qa2+ 47. Nb2 b5 48. Qg8 a4 0-1

[Event "*** SCC Grand Prix: Titled Tuesday Blitz"]
[Site "Chess.com"]
[Date "2020.08.25"]
[Round "3"]
[White "PaulfromSPb"]
[Black "Salem-AR"]
[Result "0-1"]
[WhiteElo "2653"]
[BlackElo "2916"]
[TimeControl "180+1"]
[EndTime "10:30:35 PDT"]
[Termination "Salem-AR won on time"]

1. e4 c5 2. Ne2 d6 3. g3 Nf6 4. Bg2 g6 5. c3 Bg7 6. d4 O-O 7. O-O Nc6 8. h3 e5 9. Be3 Qe7 10. dxc5 dxc5 11. Qc2 Be6 12. Nd2 Rac8 13. f4 exf4 14.
gxf4 Nh5 15. Nf3 Rfe8 16. Rae1 Bxa2 17. e5 Bc4 18. Kh2 Rcd8 19. Rf2 Bd3 20. Qa4 Kh8 21. Ng3 Nxg3 22. Kxg3 Bf5 23. Kh2 h6 24. Rfe2 a6 25.
Bf2 Qc7 26. Bg3 Ne7 27. Bh4 Rc8 28. Qc4 Be6 29. Qe4 Nf5 30. Bf2 Rcd8 31. Qc2 b5 32.
Nh4 Nxh4 33. Bxh4 Bf5 34. Qb3 Rd3 35. Bf2 Red8 36. Re3 Be6 37. Qc2 Rd2 38. Qe4 Rxf2 39. R1e2 Bd5 40. Qd3 Rxg2+ 0-1

[Event "*** SCC Grand Prix: Titled Tuesday Blitz"]
[Site "Chess.com"]
[Date "2020.08.25"]
[Round "3"]
[White "NMZanette"]
[Black "dosto07"]
[Result "0-1"]
[WhiteElo "2111"]
[BlackElo "2329"]
[TimeControl "180+1"]
[EndTime "10:30:35 PDT"]
[Termination "dosto07 won by resignation"]

1. e4 e5 2. Nf3 Nc6 3. Bb5 a6 4.
Ba4 Nf6 5. d3 b5 6. Bb3 Be7 7.
O-O O-O 8. a4 b4 9. Nbd2 d6 10. h3 Na5 11. Re1 Nxb3 12. Nxb3 c5 13. Nbd2 a5 14. Nc4 Re8 15. Bd2 h6 16. c3 Be6 17.
Ne3 Bf8 18. cxb4 axb4 19. Nc4 Qc7 20. b3 g6 21. Nh2 h5 22. Bg5 Bg7 23. Qd2 d5 24.
exd5 Bxd5 25. Qe3 e4 26. Rac1 Nh7 27. Bf4 Qc6 28. dxe4 Rxe4 29. Qg3 h4 30. Qg4 Rae8 31. Rxe4 Rxe4 32. f3 Bd4+ 33. Kh1 Re2 34. Qxh4 Bxc4 35. bxc4 b3 36. Bh6 b2 37. Rb1 Qxa4 38. Qd8+ Re8 39. Qh4 Qc2 40. Ng4 Qxb1+ 41. Kh2 Qg1+ 42. Kg3 Qe1+ 43. Kh2 0-1

[Event "*** SCC Grand Prix: Titled Tuesday Blitz"]
[Site "Chess.com"]
[Date "2020.08.25"]
[Round "3"]
[White "Nafania1"]
[Black "shineatchess"]
[Result "1-0"]
[WhiteElo "2439"]
[BlackElo "2205"]
[TimeControl "180+1"]
[EndTime "10:30:36 PDT"]
[Termination "Nafania1 won by resignation"]

1. e4 Nf6 2. e5 Nd5 3. d4 Nb6 4. c4 d6 5. exd6 cxd6 6. Nc3 g6 7. Be3 Bg7 8. Rc1 O-O 9. b3 Bf5 10. g4 Bc8 11. Bg2 Nc6 12. d5 Ne5 13. h3 e6 14.
Nge2 f5 15. dxe6 fxg4 16. Nd4 Nf3+ 17. Nxf3 gxf3 18. Bxf3 Qf6 19. Bg2 Qxe6 20. O-O Bxc3 21. Rxc3 Qf6 22. Bd4 Qh4 23. Rg3 Be6 24. Bb2 Rf7 25.
Qxd6 Re8 26. Qe5 Kf8 27. Qh8+ Ke7 28. Ba3+ Kd8 29. Rd3+ Rd7 30. Rxd7+ Bxd7 31. Qc3 Re6 32. c5 Nc8 33. Qa5+ b6 34. cxb6 Nxb6 35. Qxa7 Rf6 36. Qb8+ Nc8 37. Bc5 Bxh3 38. Rd1+ Ke8 39. Qc7 Qxf2+ 40.
Bxf2 1-0

[Event "*** SCC Grand Prix: Titled Tuesday Blitz"]
[Site "Chess.com"]
[Date "2020.08.25"]
[Round "3"]
[White "Gusarov91"]
[Black "tigra"]
[Result "1-0"]
[WhiteElo "2659"]
[BlackElo "2890"]
[TimeControl "180+1"]
[EndTime "10:30:37 PDT"]
[Termination "Gusarov91 won by checkmate"]

1. e4 c5 2. Nf3 d6 3. Bb5+ Nc6 4. O-O a6 5. Bxc6+ bxc6 6. Re1 g6 7. d3 e5 8. b3 Bg7 9. a4 Ne7 10. Na3 h6 11. Nc4 Be6 12. Nfd2 O-O 13. Bb2 g5 14. Nf1 f5 15. f3 a5 16. Bc3 fxe4 17. dxe4 Bxc4 18. bxc4 Nc8 19. Ne3 Nb6 20. Qd2 Nc8 21. Red1 Re8 22. Rab1 Qc7 23. Nf5 Re6 24. Rb3 Bf8 25. Rdb1 Ra7 26. Rb8 Re8 27. h4 gxh4 28. Nxh6+ Bxh6 29. Qxh6 Qh7 30. Qxh7+ Kxh7 31. R1b7+ Rxb7 32. Rxb7+ Kg6 33. Bxa5 Ne7 34. Bc7 Kf6 35. Bxd6 Ng6 36.
a5 Ra8 37. Bc7 Nf4 38. Rb8 Ra7 39. Rf8+ Ke7 40. Rc8 Kf6 41. Rf8+ Ke7 42. Bb6 Rd7 43.
Bxc5+ Ke6 44. a6 Rd1+ 45. Kh2 Rd2 46. Rg8 h3 47. a7 Nxg2 48. a8=Q Nf4+ 49. Kg3 Rg2+ 50.
Kh4 h2 51. Qxc6+ Kf7 52. Qe8+ Kf6 53. Qe7# 1-0

[Event "*** SCC Grand Prix: Titled Tuesday Blitz"]
[Site "Chess.com"]
[Date "2020.08.25"]
[Round "3"]
[White "Oglob71"]
[Black "filali-marouan"]
[Result "1-0"]
[WhiteElo "2546"]
[BlackElo "2346"]
[TimeControl "180+1"]
[EndTime "10:30:37 PDT"]
[Termination "Oglob71 won by resignation"]

1. d4 c6 2. Nf3 d5 3. c4 Nf6 4. e3 e6 5. Bd3 Bd6 6. O-O Nbd7 7.
Nbd2 O-O 8. e4 e5 9. cxd5 cxd5 10. Re1 Re8 11. exd5 Nxd5 12. Nc4 Bc7 13. dxe5 Nf8 14. Bg5 Qd7 15. Rc1 b5 16. Nd6 Bxd6 17. exd6 Rxe1+ 18. Qxe1 Qxd6 19. Bxb5 Bg4 20. Qe5 Qxe5 21. Nxe5 Be6 22. Nc6 a6 23. Be2 f6 24. Bd2 Rc8 25. Nd4 Rxc1+ 26.
Bxc1 Bf7 27. Bxa6 Nb4 28. Be2 Nxa2 29. Bd2 Nd7 30. b4 Nb6 31. b5 Nd5 32. Ba5 Nab4 33. b6 Nxb6 34. Bxb4 Nd5 35. Bd2 h6 36. Bf3 Ne7 37.
g3 g5 38. Be4 Kg7 39. Nf5+ Nxf5 40. Bxf5 Be8 41. Bc3 Bf7 42. Kf1 Be8 43. Ke2 Bc6 44. Ke3 h5 45. Kd4 Kf7 46. Kc5 Bf3 47. Kd6 Be2 48.
Be6+ Kg6 49. Ke7 f5 50. f4 gxf4 51. gxf4 Bd3 52. Kd6 Kh6 53. Ke5 h4 54. Bxf5 Be2 55. Bh3 1-0

[Event "*** SCC Grand Prix: Titled Tuesday Blitz"]
[Site "Chess.com"]
[Date "2020.08.25"]
[Round "3"]
[White "Falcon28dz"]
[Black "Angel_Hranitel_37"]
[Result "0-1"]
[WhiteElo "2061"]
[BlackElo "2455"]
[TimeControl "180+1"]
[EndTime "10:30:37 PDT"]
[Termination "Angel_Hranitel_37 won on time"]

1. e4 c5 2. Nf3 e6 3. b3 b6 4.
Bd3 Bb7 5. Bb2 Nc6 6. e5 Qc7 7. Qe2 Nge7 8. Be4 Ng6 9. h4 Nf4 10. Qf1 Nb4 11. Bxb7 Qxb7 12. Kd1 O-O-O 13. a3 Nc6 14. Nc3 d6 15. exd6 Bxd6 16. Ne4 f6 17. Kc1 Be7 18. g3 Ng6 19. Qe2 e5 20. h5 Nf8 21.
Bc3 Ne6 22. Kb2 Ncd4 23. Bxd4 Nxd4 24. Nxd4 cxd4 25. Rac1 Kb8 26. g4 Rc8 27. Rh3 Rhd8 28. c4 Qa6 29. Ra1 Rc7 30. d3 b5 31. cxb5 Qxb5 32.
Rhh1 Rb7 33. Nd2 Rc8 34. Rhc1 Rc3 35. Rxc3 dxc3+ 36. Kxc3 Bc5 37. Kb2 Bd4+ 38. Ka2 Bxa1 39. Kxa1 Rd7 40. Kb2 Qxd3 41. Qxd3 Rxd3 42. Ne4 Rd4 43.
f3 Rd3 44. Nd6 Rxd6 0-1

[Event "*** SCC Grand Prix: Titled Tuesday Blitz"]
[Site "Chess.com"]
[Date "2020.08.25"]
[Round "3"]
[White "JuliaEfremova"]
[Black "grandcoach"]
[Result "1-0"]
[WhiteElo "2321"]
[BlackElo "2100"]
[TimeControl "180+1"]
[EndTime "10:30:37 PDT"]
[Termination "JuliaEfremova won on time"]

1. e4 c5 2. Nf3 Nc6 3. d4 cxd4 4. Nxd4 e5 5. Nb3 Nf6 6. Bd3 d5 7. exd5 Nxd5 8. O-O Be7 9. Qh5 Ndb4 10. Bc4 O-O 11.
Na3 a6 12. Be3 b5 13. Rfd1 Qc7 14. Be2 g6 15. Qh6 Bf5 16. c3 Nc2 17. Nxc2 Bxc2 18. Rd2 Bf5 19. Bf3 Rad8 20. Rad1 Rxd2 21. Rxd2 Rd8 22.
Bd5 Na5 23. h4 Nc4 24. Bxc4 bxc4 25. Rxd8+ Qxd8 26. Nd2 Bxh4 27. Nxc4 Bf6 28. Bd2 Be6 29. Na3 Bxa2 30. Qe3 Bd5 31. Qa7 Qa8 32. Qb6 Bxg2 33.
Qxf6 Bh3 34. Qg5 Qf3 35. Qg3 Qd1+ 36. Kh2 Bf5 37. Be3 Be4 38. Qxe5 Qh1+ 39. Kg3 Qf3+ 40.
Kh4 h5 41. Kg5 Kh7 42. Qf4 1-0

[Event "*** SCC Grand Prix: Titled Tuesday Blitz"]
[Site "Chess.com"]
[Date "2020.08.25"]
[Round "3"]
[White "davigator"]
[Black "Jovidon91"]
[Result "1-0"]
[WhiteElo "2321"]
[BlackElo "2462"]
[TimeControl "180+1"]
[EndTime "10:30:39 PDT"]
[Termination "davigator won on time"]

1. e4 c5 2. Nf3 e6 3. d4 cxd4 4.
Nxd4 Nc6 5. Nc3 Qc7 6. a3 Nf6 7. f4 a6 8. Be3 d6 9. Be2 Be7 10. O-O O-O 11. Kh1 Nxd4 12. Qxd4 b5 13. Rae1 Bb7 14.
Bf3 Rac8 15. g4 Qc4 16. g5 Qxd4 17. Bxd4 Nd7 18. h4 Rc4 19. Rd1 Rfc8 20. Rd2 Nf8 21. Kh2 b4 22. axb4 Rxb4 23. Nd1 Ng6 24. Kg3 e5 25.
fxe5 dxe5 26. Bc3 Rb5 27. Rd7 Bc6 28. Ra7 h6 29. h5 Bc5 30. Rxa6 Nf4 31. gxh6 gxh6 32.
Bg4 Ne6 33. Bxe5 Bb7 34. Rxe6 Bf8 35. Bf4 Rxc2 36. Re8 Bc6 37. Rd8 Rb3+ 38. Rf3 Rxf3+ 39. Bxf3 Kg7 40. Be5+ f6 41. Bxf6+ Kf7 42. Bc3 Be7 43. Rd2 Rc1 44. Rf2 Ke8 45. Ne3 Ba4 46. e5 Rg1+ 47. Rg2 Re1 48. Nf5 Bg5 49. Re2 1-0

[Event "*** SCC Grand Prix: Titled Tuesday Blitz"]
[Site "Chess.com"]
[Date "2020.08.25"]
[Round "3"]
[White "TwentyHoursADay"]
[Black "nitpicker"]
[Result "1-0"]
[WhiteElo "2470"]
[BlackElo "2209"]
[TimeControl "180+1"]
[EndTime "10:30:40 PDT"]
[Termination "TwentyHoursADay won on time"]

1. c4 e5 2. g3 Nf6 3. Bg2 d5 4. cxd5 Nxd5 5. Nc3 Nb6 6. e3 Nc6 7. Nge2 Be7 8. O-O O-O 9. f4 Bd6 10. f5 Be7 11. Ne4 f6 12. g4 Bd7 13. N2g3 Kh8 14.
h4 Be8 15. Qf3 Bf7 16. Kh2 Qd7 17. g5 Rad8 18. Bh3 Qd3 19. Rg1 Nd4 20. Qf1 Qxf1 21. Rxf1 Nc2 22. Rb1 Nb4 23. a3 Nd3 24. b3 a5 25. Kg2 Rd7 26. Kf3 Rfd8 27. h5 Bd5 28.
Ke2 Nc5 29. Nxc5 Bxc5 30. h6 fxg5 31. hxg7+ Rxg7 32. f6 Rf7 33. Nh5 Be4 34. d3 Bxd3+ 35. Kf2 Bxb1 36. Bb2 Rd2+ 37. Kg3 Rxb2 38. Rd1 Rxb3 39.
Rd8+ Bf8 40. Be6 Kg8 41. Bxf7+ Kxf7 42. Kg4 Rxe3 43. Rb8 Re4+ 44. Kxg5 Re1 45. Kg4 Bd6 46. Rxb7 1-0

[Event "*** SCC Grand Prix: Titled Tuesday Blitz"]
[Site "Chess.com"]
[Date "2020.08.25"]
[Round "3"]
[White "EnergeticHay"]
[Black "carlsen1001"]
[Result "1-0"]
[WhiteElo "2201"]
[BlackElo "2408"]
[TimeControl "180+1"]
[EndTime "10:30:40 PDT"]
[Termination "EnergeticHay won by resignation"]

1. e4 c5 2. b4 cxb4 3. a3 b3 4. cxb3 d6 5. Nc3 Nf6 6. d4 Nc6 7. Nf3 g6 8. Be2 Bg7 9. O-O O-O 10. h3 Bd7 11. Be3 Rc8 12. Rc1 Qa5 13. b4 Qxa3 14. Nb5 Qxb4 15. Bd2 Qb2 16. Bc3 Qa2 17. Ra1 Qe6 18. Ng5 Nxe4 19. Nxe6 Nxc3 20. Nxc3 fxe6 21. Rc1 Nxd4 22. Bd3 e5 23. Nd5 Rxc1 24. Qxc1 e4 25. Bc4 e6 26. Nc3 d5 27. Be2 Rc8 28. Bd1 Rxc3 29. Qf4 e5 30. Qg5 Ne6 31. Qe7 Rc7 32.
Bg4 Nf8 33. Qd6 Rc6 34. Qxd5+ Be6 35. Qxe4 a5 36. Be2 Rd6 37. Qxb7 a4 38. Qb4 Rd4 39. Qa3 e4 40. Bb5 Bb3 41. Rb1 Ne6 42.
Rxb3 axb3 43. Qxb3 Kf7 44. Bc4 Rd6 45. Qb7+ Kf6 46.
Qxe4 Nd4 47. Qf4+ Ke7 48. Qf7+ 1-0

[Event "*** SCC Grand Prix: Titled Tuesday Blitz"]
[Site "Chess.com"]
[Date "2020.08.25"]
[Round "3"]
[White "Shield12"]
[Black "Doraemon7"]
[Result "1-0"]
[WhiteElo "2863"]
[BlackElo "2619"]
[TimeControl "180+1"]
[EndTime "10:30:42 PDT"]
[Termination "Shield12 won by resignation"]

1. e4 e5 2. Nf3 Nc6 3. Nc3 Nf6 4. Be2 g6 5. d4 exd4 6. Nxd4 Bg7 7. Bg5 h6 8. Bh4 d6 9. Nxc6 bxc6 10. e5 dxe5 11.
Qxd8+ Kxd8 12. O-O-O+ Ke7 13. Rhe1 g5 14. Bg3 Nd5 15.
Nxd5+ cxd5 16. Rxd5 Be6 17. Rc5 Kd6 18. b4 Bxa2 19.
Rd1+ Ke7 20. Rxc7+ Kf6 21. c4 Rhd8 22. Kb2 Rxd1 23.
Bxd1 Rd8 24. Bc2 Rd2 25. Kc3 Re2 26. Bd3 Re1 27. Rxa7 e4 28. Rxa2 exd3 29. Kxd3 Rb1 30. b5 Ke6 31. Ra6+ Kd7 32. Rd6+ Ke7 33. Rc6 f5 34.
Rc7+ Kf8 35. Bd6+ Kg8 36. Rc6 Rb3+ 37. Kc2 Rb2+ 38. Kc1 Rxf2 39. b6 Rf1+ 40. Kc2 Rf2+ 41. Kb3 Rb2+ 42. Ka4 Bd4 43. Bb4 Ra2+ 44. Kb5 Be5 45.
b7 Kf7 46. Rxh6 Rb2 47. c5 Bc3 48.
Kc4 Rxb4+ 49. Kxc3 Rxb7 50. Rh7+ 1-0

[Event "*** SCC Grand Prix: Titled Tuesday Blitz"]
[Site "Chess.com"]
[Date "2020.08.25"]
[Round "3"]
[White "EddieMarsalla"]
[Black "ExtremeLearner"]
[Result "0-1"]
[WhiteElo "2540"]
[BlackElo "2386"]
[TimeControl "180+1"]
[EndTime "10:30:42 PDT"]
[Termination "ExtremeLearner won on time"]

1. d3 Nf6 2. c4 g6 3. Nc3 Bg7 4. g3 d6 5. Bg2 O-O 6. e3 e5 7. Nge2 c6 8. O-O Nbd7 9. b4 a5 10. b5 Qc7 11. a4 Nc5 12. Ba3 Ne6 13. b6 Qd8 14. Rb1 h5 15. Qd2 Ng5 16. h4 Nh3+ 17. Kh1 g5 18. hxg5 Nxg5 19. f4 exf4 20. Nxf4 Bg4 21. Ne4 Ngxe4 22. dxe4 Re8 23. Qd3 Bf8 24. Rb2 Qe7 25. e5 Qxe5 26. Rbf2 Ne4 27. Kh2 Nxf2 28.
Rxf2 Rad8 29. Bb2 Qg5 30. Bd4 Bg7 31. Qc3 Bxd4 32. exd4 f5 33. Qxa5 h4 34. Qc3 hxg3+ 35. Qxg3 Kg7 36. Bh3 Kf6 37. Bxg4 Qxg4 38. Qxg4 fxg4 39.
c5 Kg5 0-1

[Event "*** SCC Grand Prix: Titled Tuesday Blitz"]
[Site "Chess.com"]
[Date "2020.08.25"]
[Round "3"]
[White "ChessyInstinct"]
[Black "MariaFominykh"]
[Result "0-1"]
[WhiteElo "2494"]
[BlackElo "2305"]
[TimeControl "180+1"]
[EndTime "10:30:42 PDT"]
[Termination "MariaFominykh won by checkmate"]

1. d4 Nf6 2. c4 g6 3. Nc3 Bg7 4. e4 d6 5. Be2 O-O 6. Be3 e5 7. d5 c6 8. Nf3 cxd5 9. cxd5 Ng4 10.
Bg5 Qb6 11. O-O h6 12. Bd2 Bd7 13. Na4 Qd8 14. Bb4 b5 15. Nc3 Qb6 16. Nb1 Na6 17. Bd2 Nc5 18. Qc2 Rac8 19. b4 Nxe4 20. Qb3 Nxd2 21.
Nbxd2 e4 22. Nxe4 Bxa1 23. Rxa1 f5 24. Ng3 Qxf2+ 25. Kh1 Ne3 26. Rg1 f4 27. Ne4 Qxe2 28. Nxd6 Rc2 29. Ne4 Qc4 30. d6 Qxb3 31. axb3 Nf5 32. h3 Bc6 33. Kh2 Bxe4 34. Rf1 Bxf3 35. Rxf3 Nxd6 36. Rd3 Ne4 37. h4 f3 38. Rd7 Rxg2+ 39.
Kh3 Rg3+ 40. Kh2 f2 41. h5 f1=Q 42. Rg7+ Kxg7 43. hxg6 Qg2# 0-1

[Event "*** SCC Grand Prix: Titled Tuesday Blitz"]
[Site "Chess.com"]
[Date "2020.08.25"]
[Round "3"]
[White "Phenix2k"]
[Black "fianchettoer"]
[Result "0-1"]
[WhiteElo "2098"]
[BlackElo "2459"]
[TimeControl "180+1"]
[EndTime "10:30:42 PDT"]
[Termination "fianchettoer won by resignation"]

1. d4 Nf6 2. c4 g6 3. Nc3 d5 4.
cxd5 Nxd5 5. e4 Nxc3 6. bxc3 Bg7 7. Be3 c5 8. Nf3 O-O 9. Qd2 Nd7 10. h4 e5 11. d5 Nf6 12. Bd3 b6 13. Bh6 Re8 14. Bxg7 Kxg7 15. Qg5 h6 16. Qd2 Bg4 17. Nh2 Bd7 18.
f3 Nh5 19. Nf1 b5 20. g3 a5 21. a3 c4 22. Be2 Qf6 23. Kf2 Rab8 24. Ne3 Qb6 25. Kg2 Rec8 26. Rhb1 Qc5 27. Nc2 Nf6 28. Qe3 Qxe3 29. Nxe3 Ne8 30. Nc2 Nd6 31. Rb2 f5 32.
exf5 gxf5 33. Rab1 Ra8 34. a4 b4 35. cxb4 c3 36. Ra2 axb4 37. Rxb4 Rc5 38. Rb6 Rxd5 39.
Ne3 Rd4 40. Rxd6 Rxd6 41. a5 Rd2 42. Rxd2 cxd2 43. a6 f4 44. Nd1 Ba4 45. Nb2 d1=Q 46. Nxd1 Bxd1 47. Bxd1 Rxa6 48. gxf4 exf4 49. h5 Ra1 50.
Bb3 Kf6 51. Kh3 Kg5 52. Bf7 Ra3 53. Kg2 Re3 54. Kf2 Kh4 55. Kg2 Re2+ 56. Kf1 Rd2 0-1